 Dungeon Crawl Stone Soup version 0.20.1-1-g8b1a95d (webtiles) character file.

2820 Irenicus the Chopper (level 9, -3/117 HPs)
             Began as a Deep Dwarf Necromancer on Nov 3, 2017.
             Was a Follower of Makhleb.
             Slain by a swamp worm (8 damage)
             ... on level 8 of the Dungeon.
             The game lasted 00:36:28 (4898 turns).

Irenicus the Chopper (Deep Dwarf Necromancer)       Turns: 4898, Time: 00:36:30

Health: -3/117     AC:  7    Str: 18    XL:     9   Next: 45%
Magic:  1/14       EV: 15    Int: 22    God:    Makhleb [*.....]
Gold:   209        SH:  0    Dex: 16    Spells: 7/12 levels left

rFire    . . .     SeeInvis .   z - +10 spear of Quapaskeu {freeze, +Inv rElec}
rCold    . . .     Gourm    .   (no shield)
rNeg     . . .     Faith    .   d - +0 leather armour
rPois    .         Spirit   .   (no helmet)
rElec    +         Reflect  .   h - +0 cloak
rCorr    .         Harm     .   e - +0 pair of gloves
MR       +....     Clarity  +   (no boots)
Stlth    ..........             t - amulet of rage
Regen    0.0/turn               x - +5 ring of intelligence
MPRegen  0.2/turn               y - +2 ring of strength

@: berserking, very slightly contaminated, non-regenerating, invisible, quick
A: damage resistance, heal wounds, yellow scales 1, clarity, sense surroundings
2, no regeneration
a: Heal Wounds, Renounce Religion, Evoke Berserk Rage


You were on level 8 of the Dungeon.
You worshipped Makhleb.
Makhleb was aware of your devotion.
You were very hungry.

You visited 2 branches of the dungeon, and saw 9 of its levels.

You collected 341 gold pieces.
You spent 132 gold pieces at shops.

Inventory:

Hand Weapons
 m - a +0 hand axe
 w - a +2 dagger of electrocution
 z - the +10 spear of Quapaskeu (weapon) {freeze, +Inv rElec}
   (You found it on level 4 of the Dungeon)

   It has been specially enchanted to freeze those struck by it, causing extra
   injury to most foes and up to half again as much damage against particularly
   susceptible opponents.
   It can also slow down cold-blooded creatures.
   It insulates you from electricity.
   It lets you turn invisible.
Armour
 d - a +0 leather armour (worn)
 e - a +0 pair of gloves (worn)
 h - a +0 cloak (worn)
 C - the +1 leather armour "Vacus" {rElec Dex-4 Stlth+}
   (You found it on level 4 of the Dungeon)

   It affects your dexterity (-4).
   It insulates you from electricity.
   It makes you more stealthy.
Jewellery
 t - an amulet of rage (around neck)
 x - a +5 ring of intelligence (left hand)
 y - a +2 ring of strength (right hand)
Wands
 I - a wand of random effects (5/48)
Scrolls
 g - 4 scrolls of remove curse
 k - a scroll of enchant weapon {unknown}
 o - 7 scrolls of teleportation {unknown}
 p - 4 scrolls of magic mapping {unknown}
 r - 4 scrolls of fear {unknown}
 s - 2 scrolls of blinking {unknown}
 u - 2 scrolls of fog {unknown}
 F - a scroll of enchant armour {unknown}
 G - a scroll of identify
 K - a scroll of immolation {unknown}
Potions
 a - a potion of invisibility
 f - a potion of mutation
 j - a potion of brilliance
 l - 3 potions of might
 v - a potion of flight
 A - 3 potions of curing
 B - 2 potions of lignification {unknown}
 D - a potion of haste {unknown}
 E - 3 potions of agility
 H - a potion of ambrosia
 J - a potion of degeneration {unknown}
Books
 b - a book of Necromancy

   Spells                             Type                      Level
   a - Pain                           Necromancy                   1
   b - Animate Skeleton               Necromancy                   1
   c - Vampiric Draining              Necromancy                   3
   d - Regeneration                   Charms/Necromancy            3
   e - Animate Dead                   Necromancy                   4
   f - Control Undead                 Necromancy                   4
Comestibles
 c - 4 bread rations
 i - 13 royal jellies
 n - 12 fruits
 q - 3 meat rations
 L - 2 chunks of flesh


   Skills:
 - Level 4.3 Fighting
 + Level 7.6(8.5) Axes
 - Level 5.0(6.4) Polearms
 - Level 5.0 Dodging
 - Level 2.4 Stealth
 - Level 2.1 Spellcasting
 - Level 6.0 Necromancy
 - Level 7.0 Evocations


You had 7 spell levels left.
You knew the following spells:

 Your Spells              Type           Power        Failure   Level  Hunger
a - Pain                  Necr           ####         1%          1    #......
b - Animate Skeleton      Necr           N/A          1%          1    #......
e - Vampiric Draining     Necr           ####......   4%          3    ###....


Dungeon Overview and Level Annotations

Branches:
Dungeon (8/15)             Temple (1/1) D:7
   Lair: D:8-11

Altars:
Ashenzari
Cheibriados
Dithmenos
Elyvilon
Fedhas
Gozag
Hepliaklqana
Kikubaaqudgha
Makhleb
Nemelex Xobeh
Okawaru
Qazlal
Ru
Sif Muna
Trog
Uskayaw
Xom
Yredelemnul
Zin
The Shining One

Shops:
D:6 !

Annotations:
D:3 Robin


Innate Abilities, Weirdness & Mutations

You are resistant to damage.
You can heal yourself by infusing magical energy.
You passively map the area around you.
You do not regenerate.
You are partially covered in yellow scales. (AC +2)
You possess an exceptional clarity of mind.


Message History

Confirm with . or Enter, or press ? or * to list all spells.
Aiming: Vampiric Draining
Press: ? - help, Shift-Dir - straight line, f - swamp worm
Aim: a swamp worm The swamp worm is moderately wounded.
You feel life coursing into your body. The swamp worm closely misses you.
You fail to use your ability.
The swamp worm bites you.
* * * LOW HITPOINT WARNING * * *
You fade into invisibility!
You are very lightly contaminated with residual magic.
You are feeling hungry.
The swamp worm barely misses you.
The swamp worm bites you but does no damage.
A red film seems to cover your vision as you go berserk!
You feel yourself moving faster!
You feel mighty!
You are feeling very hungry.
The swamp worm bites you!
* * * LOW HITPOINT WARNING * * *
The swamp worm bites you!
You die...

#.#######.#########
#.................#
########..........#
###≈≈≈≈≈≈≈....#
##≈≈≈≈≈†≈≈≈≈≈..#
#≈≈≈#######≈≈≈.#
#≈≈P#≈w≈≈≈##≈≈.#
#≈≈Pw≈≈w≈≈!#≈≈.#
#≈≈@#≈≈≈≈≈##≈≈.#
#≈≈≈#######≈≈≈.#
##≈≈≈≈≈≈≈≈≈≈≈..#
###≈≈≈†≈≈≈....#
######...#### #####


You could see a swamp worm and 2 worms.

Vanquished Creatures
  Joseph (D:7)
  Prince Ribbit (D:7)
  Grinder (D:4)
  A swamp worm (D:8)
  A black bear (D:6)
  An orc warrior (D:7)
  2 sky beasts
  A necrophage (D:7)
  2 ogres (D:5)
  2 bullfrogs
  3 scorpions
  3 crimson imps
  A bullfrog zombie (D:6)
  A centaur zombie (D:6)
  A gnoll shaman (D:5)
  2 hounds
  5 orc priests
  4 jellies
  4 orc wizards
  2 bullfrog skeletons
  A worker ant (D:5)
  A worker ant zombie (D:6)
  5 gnolls
  2 howler monkey skeletons
  7 adders
  2 shadow imps
  5 oozes (D:8)
  2 adder skeletons
  An adder zombie (D:5)
  10 worms
  3 dart slugs
  7 leopard geckos
  20 orcs
  4 giant cockroaches
  18 goblins
  16 hobgoblins
  5 jackals
  10 kobolds
  A quokka (D:6)
  A ball python (D:2)
  4 bats
  6 frilled lizards
  A leopard gecko zombie (D:6)
  A quokka skeleton (D:7)
  A quokka zombie (D:7)
  7 rats
  2 plants (D:8)
182 creatures vanquished.

Vanquished Creatures (collateral kills)
  An orc wizard (D:4)
  An adder (D:4)
  A shadow imp (D:5)
  A leopard gecko (D:5)
  An orc (D:4)
  2 goblins
  A hobgoblin (D:2)
8 creatures vanquished.

Grand Total: 190 creatures vanquished

Notes
Turn   | Place    | Note
-------+----------+-------------------------------------------
     0 | D:1      | Irenicus the Deep Dwarf Necromancer began the quest for the Orb.
     0 | D:1      | Reached XP level 1. HP: 15/15 MP: 3/3
   140 | D:1      | Reached XP level 2. HP: 16/22 MP: 0/5
   143 | D:1      | Learned a level 1 spell: Animate Skeleton
   484 | D:1      | Reached skill level 5 in Necromancy
   726 | D:2      | Reached XP level 3. HP: 20/28 MP: 1/6
  1058 | D:2      | Learned a level 3 spell: Vampiric Draining
  1252 | D:3      | Found a blossoming altar of Fedhas.
  1279 | D:3      | Noticed Robin
  1335 | D:4      | Reached XP level 4. HP: 23/36 MP: 0/7
  1639 | D:4      | Reached XP level 5. HP: 38/42 MP: 1/8
  1680 | D:4      | Noticed Grinder
  1690 | D:4      | Paralysed by Grinder for 2 turns
  1717 | D:4      | Killed Grinder
  1717 | D:4      | Reached XP level 6. HP: 17/49 MP: 7/11
  1850 | D:4      | Got a dazzling spear
  1851 | D:4      | Identified the +10 spear of Quapaskeu {freeze, +Inv rElec} (You found it on level 4 of the Dungeon)
  1980 | D:4      | Reached skill level 1 in Polearms
  1985 | D:4      | Got a shimmering leather armour
  1996 | D:4      | Identified the +1 leather armour "Vacus" {rElec Dex-4 Stlth+} (You found it on level 4 of the Dungeon)
  2086 | D:5      | Entered Level 5 of the Dungeon
  2284 | D:5      | Reached XP level 7. HP: 51/55 MP: 2/12
  2560 | D:5      | Reached XP level 8. HP: 27/62 MP: 10/13
  2997 | D:6      | Reached skill level 5 in Axes
  3231 | D:6      | Found a hide-covered altar of Uskayaw.
  3295 | D:6      | Reached skill level 1 in Fighting
  3301 | D:6      | Gained mutation: You are partially covered in yellow scales. (AC +2) [mutagenic meat]
  3302 | D:6      | Gained mutation: You possess an exceptional clarity of mind. [mutagenic meat]
  3352 | D:6      | Found Zatota's Distillery.
  3358 | D:6      | Bought a potion of ambrosia for 96 gold pieces
  3358 | D:6      | Bought a potion of curing for 36 gold pieces
  3456 | D:7      | Noticed Joseph
  3477 | D:7      | Killed Joseph
  3553 | D:7      | Noticed Prince Ribbit
  3564 | D:7      | Killed Prince Ribbit
  3564 | D:7      | Gained mutation: You passively map the area around you. [Deep Dwarf growth]
  3564 | D:7      | Reached XP level 9. HP: 10/78 MP: 0/14
  3703 | D:7      | Found a staircase to the Ecumenical Temple.
  3711 | Temple   | Entered the Ecumenical Temple
  3796 | Temple   | Became a worshipper of Makhleb the Destroyer
  3871 | D:7      | Reached skill level 5 in Dodging
  4185 | D:3      | Found a shattered altar of Ashenzari.
  4305 | D:3      | Reached * piety under Makhleb
  4558 | D:8      | Reached skill level 5 in Polearms
  4898 | D:8      | HP: 5/117 [swamp worm (14)]
  4898 | D:8      | Slain by a swamp worm

Skill      XL: |  1  2  3  4  5  6  7  8  9 |
---------------+----------------------------+-----
Spellcasting   | 2 |  2.1
Necromancy     | 5 6 |  6.0
Evocations     | 3 6 7 |  7.0
Polearms       | 2 4 5 |  5.0
Axes           | 4 6 7 |  7.6
Fighting       | 4 |  4.3
Dodging        | 4 5 |  5.0
Stealth        | |  2.4

Action                   |  1- 3 |  4- 6 |  7- 9 || total
-------------------------+-------+-------+-------++-------
Melee: Unarmed           |    10 |     8 |       ||    18
       Dagger            |       |    21 |       ||    21
       Spear             |       |    51 |   224 ||   275
 Cast: Pain              |    68 |    13 |     1 ||    82
       Animate Skeleton  |     7 |     6 |     7 ||    20
       Vampiric Draining |     3 |    17 |    57 ||    77
 Abil: Evoke Berserk Rag |       |     1 |     1 ||     2
       Evoke Invisibilit |       |       |     1 ||     1
  Use: Scroll            |     2 |     7 |       ||     9
       Potion            |       |     1 |       ||     1
 Stab: Sleeping          |       |     6 |     9 ||    15
       Distracted        |       |       |     5 ||     5
  Eat: Chunk             |     2 |     6 |    16 ||    24
       Fruit             |       |     1 |     1 ||     2
Armor: Robe              |     2 |       |       ||     2
       Leather armour    |     5 |    15 |    20 ||    40
Dodge: Dodged            |    14 |    40 |    76 ||   130
